 Dungeon Crawl Stone Soup version 0.21-a0-79-g04744e2 (webtiles) character file.

193 HallandMoats the Skirmisher (level 5, -3/34 HPs)
             Began as a Gargoyle Fighter on June 23, 2017.
             Slain by an orc warrior
             ... wielding a +0 short sword
              (14 damage)
             ... on level 4 of the Dungeon.
             The game lasted 00:05:03 (2731 turns).

HallandMoats the Skirmisher (Gargoyle Fighter)      Turns: 2731, Time: 00:05:03

Health: -3/34      AC: 13    Str: 20    XL:     5   Next: 72%
Magic:  5/5        EV: 10    Int:  8    God:
Gold:   133        SH:  0    Dex: 10    Spells: 4/4 levels left

rFire    . . .     SeeInvis .   a - +0 war axe
rCold    . . .     Gourm    .   (no shield)
rNeg     + . .     Faith    .   b - +0 scale mail
rPois    ∞         Spirit   .   s - +0 helmet
rElec    +         Reflect  .   (no cloak)
rCorr    +         Harm     .   (no gloves)
MR       .....                  p - +0 pair of boots
Stlth    ..........             (no amulet)
HPRegen  0.11/turn              r - ring of resist corrosion
MPRegen  0.09/turn              (no ring)

@: no status effects
A: negative energy resistance 1, electricity resistance, unbreathing,
petrification resistance, rot immunity, AC +4
a: no special abilities


You were on level 4 of the Dungeon.
You were not hungry.

You visited 1 branch of the dungeon, and saw 4 of its levels.

You collected 133 gold pieces.

Inventory:

Hand Weapons
 a - a +0 war axe (weapon)
Armour
 b - a +0 scale mail (worn)
 c - a +0 shield
 p - a +0 pair of boots (worn)
 s - a +0 helmet (worn)
Jewellery
 r - a ring of resist corrosion (left hand)
 u - an uncursed amulet of rage {unknown}
Scrolls
 d - a scroll of magic mapping {unknown}
 i - a scroll of fog {unknown}
 k - 3 scrolls of amnesia {unknown}
 l - 5 scrolls of identify {unknown}
 n - 3 scrolls of remove curse {unknown}
 q - a scroll of enchant weapon {unknown}
 v - 2 scrolls of enchant armour {unknown}
Potions
 e - a potion of brilliance {unknown}
 g - 4 potions of curing {unknown}
 h - 2 potions of mutation {unknown}
 m - a potion of invisibility {unknown}
 o - a potion of magic {unknown}
Miscellaneous
 w - a sack of spiders
Comestibles
 f - 6 bread rations
 j - 2 fruits
 t - 6 chunks of flesh


   Skills:
 * Level 4.7 Fighting
 * Level 3.1 Axes
 + Level 4.2 Armour
 + Level 1.3 Dodging
 - Level 3.3 Shields


You had 4 spell levels left.
You didn't know any spells.

Dungeon Overview and Level Annotations

Branches:
Dungeon (4/15)
 Temple: D:4-7

Altars:
Hepliaklqana
Nemelex Xobeh


Innate Abilities, Weirdness & Mutations

You are resistant to torment.
Your stone body is resilient. (AC +4)
You are immune to poison.
You resist negative energy. (rN+)
You are resistant to electric shocks. (rElec)
You can survive without breathing.
You are immune to petrification.
You are immune to rotting.


Message History

The orc warrior hits you with a short sword.
The orc warrior barely misses you.
You see here a mace.
Some of the chunks of flesh in your inventory have rotted away.
Your scale mail prevents you from hitting the orc warrior.
The orc warrior is moderately wounded.
The orc warrior hits you but does no damage.
You closely miss the orc warrior.
The orc warrior is moderately wounded.
The orc warrior closely misses you.
You hit the orc warrior but do no damage.
The orc warrior is moderately wounded.
The orc warrior hits you but does no damage. x2
You hit the orc warrior but do no damage.
The orc warrior is moderately wounded.
The orc warrior hits you with a short sword!
You hit the orc warrior.
The orc warrior is heavily wounded.
The orc warrior hits you with a short sword!
You die...

#.###.#####.#
#.....#####÷#
#.##.....##.#
#######.##.........
...................
######.####.####.#
#.# #.# #<#
######)####.## ###
#@o..)......>.
###########... ....


You could see an orc warrior.

Vanquished Creatures
  Jessica (D:2)
  Robin (D:2)
  3 adders
  4 gnolls (D:3)
  2 dart slugs
  2 orcs (D:4)
  8 bats
  6 giant cockroaches
  17 goblins
  12 hobgoblins
  3 jackals (D:4)
  A quokka (D:3)
  2 ball pythons
  2 frilled lizards
  9 kobolds
  9 rats
82 creatures vanquished.

Notes
Turn   | Place    | Note
-------+----------+-------------------------------------------
     0 | D:1      | HallandMoats the Gargoyle Fighter began the quest for the Orb.
     0 | D:1      | Reached XP level 1. HP: 14/14 MP: 1/1
   263 | D:1      | Reached XP level 2. HP: 19/19 MP: 2/2
  1037 | D:2      | Reached XP level 3. HP: 24/24 MP: 3/3
  1201 | D:2      | Noticed Robin
  1213 | D:2      | Killed Robin
  1213 | D:2      | Reached XP level 4. HP: 24/29 MP: 4/4
  1350 | D:2      | Found a hazy altar of Hepliaklqana.
  1599 | D:2      | Reached skill level 1 in Dodging
  1606 | D:2      | Noticed Jessica
  1613 | D:2      | Killed Jessica
  2048 | D:3      | Reached XP level 5. HP: 32/34 MP: 5/5
  2306 | D:3      | Found a sparkling altar of Nemelex Xobeh.
  2306 | D:3      | Found a transporter.
  2307 | D:3      | Noticed a shadow
  2715 | D:4      | Noticed an orc warrior
  2731 | D:4      | Slain by an orc warrior

Vault maps used:
D:1:      dpeg_arrival_tiny_k, minmay_misc_feat_secret_circle,
          corexii_hall_statues_i
D:2:      nicolae_overflow_crystal_walls, first_bread, uniq_robin, uniq_jessica
D:3:      minmay_misc_feat_alley, minmay_strange_pillars,
          grunt_nemelex_the_gamble
D:4:      temple_pool_b, portal_sewer_entry_e

Skill      XL: |  1  2  3  4  5 |
---------------+----------------+-----
Axes           | 2 3 |  3.1
Fighting       | 4 |  4.7
Dodging        | 1 |  1.3
Armour         | 4 |  4.2
Shields        | |  3.3

Action                   |  1- 3 |  4- 6 || total
-------------------------+-------+-------++-------
Melee: War axe           |   101 |   140 ||   241
  Use: Potion            |     1 |     1 ||     2
  Eat: Chunk             |     1 |     5 ||     6
Armor: Scale mail        |    90 |   102 ||   192
Dodge: Dodged            |    96 |    66 ||   162
Block: Shield            |     1 |       ||     1
